 Dungeon Crawl Stone Soup version 0.27.1-3-gb3d3a73c9e (webtiles) character file.

Game seed: 8644847964405130388

113 styxcanada the Sneak (level 4, 0/23 HPs)
             Began as a Spriggan Brigand on Oct 19, 2021.
             Slain by an orc (3 damage)
             ... on level 3 of the Dungeon.
             The game lasted 00:06:26 (2145 turns).

styxcanada the Sneak (Spriggan Brigand)             Turns: 2145, Time: 00:06:27

Health: 0/23       AC:  3    Str:  7    XL:     4   Next: 65%
Magic:  5/5        EV: 18    Int: 12    God:
Gold:   85         SH:  0    Dex: 17    Spells: 3/3 levels left

rFire    . . .     SeeInvis +   a - +2 dagger
rCold    . . .     Faith    .   (shield restricted)
rNeg     . . .     Spirit   .   b - +0 robe
rPois    .         Reflect  .   (helmet restricted)
rElec    .         Harm     .   c - +0 cloak
rCorr    +         Rampage  .   (gloves unavailable)
Will     .....                  (boots unavailable)
Stlth    ++++......             (no amulet)
HPRegen  0.07/turn              j - ring of resist corrosion
MPRegen  0.09/turn              (no ring)

@: very quick
A: very small, no large weapons, unfitting armour, see invisible, speed 3
a: no special abilities


You were on level 3 of the Dungeon.
You visited 1 branch of the dungeon, and saw 3 of its levels.

You collected 85 gold pieces.

Inventory:

Hand Weapons
 a - a +2 dagger (weapon)
 l - a +0 hunting sling
Missiles
 d - 3 poisoned darts (quivered)
 k - 37 stones
Armour
 b - a +0 robe (worn)
 c - a +0 cloak (worn)
Jewellery
 j - a ring of resist corrosion (left hand)
Scrolls
 f - a scroll of immolation {unknown}
 g - 4 scrolls of identify {unknown}
 i - a scroll of enchant weapon {unknown}
 n - a scroll of teleportation {unknown}
Potions
 h - 2 potions of degeneration {unknown}
 m - a potion of resistance {unknown}
 o - a potion of lignification {unknown}
 p - a potion of curing {unknown}


   Skills:
 * Level 1.9 Fighting
 + Level 2.9 Short Blades
 + Level 2.0 Throwing
 * Level 3.5 Dodging
 * Level 7.5 Stealth


You had 3 spell levels left.
You didn't know any spells.
Your spell library was empty.

Dungeon Overview and Level Annotations

Branches:
Dungeon (3/15)

Altars:
Trog

Shops:
D:1 (


Innate Abilities, Weirdness & Mutations

You are very small and have problems with some larger weapons.
You are too small for most types of armour.
You have supernaturally acute eyesight. (SInv)
You cover ground extremely quickly. (Speed+++)


Message History

Press: ? - help, Q - select action, (/) - cycle Shift-Dir - straight line, f/p - orc
Aim: an orc, wielding a +0 mace and wearing a +0 leather armour (60% to hit)
You throw a curare-tipped dart.
The curare-tipped dart closely misses the orc.
The curare-tipped dart hits the orc.
The orc is poisoned.
The orc convulses.
You kill the orc!
There is a stone staircase leading up here.
You see here a +0 club.
You see here a poisoned dart.
d - 3 poisoned darts (gained 1) Throw: 3 darts (poison)
Press: ? - help, Q - select action, (/) - cycle Shift-Dir - straight line, f/p - orc
Aim: an orc, wielding a +0 mace and wearing a +0 leather armour (60% to hit)
You throw a poisoned dart.
The poisoned dart closely misses the orc.
Throw: 2 darts (poison)
Press: ? - help, Q - select action, (/) - cycle Shift-Dir - straight line, f/p - orc
Aim: an orc, wielding a +0 mace and wearing a +0 leather armour (60% to hit)
You throw a poisoned dart. The poisoned dart hits the orc.
You hit the orc.
The orc is moderately wounded.
The orc misses you.
You hit the orc.
The orc is moderately wounded.
The orc barely misses you.
You hit the orc but do no damage.
The orc is moderately wounded.
You closely miss the orc.
The orc is moderately wounded.
The orc hits you with a +0 mace.
* * * LOW HITPOINT WARNING * * *
You barely miss the orc.
The orc is moderately wounded.
The orc barely misses you.
You see here a poisoned dart.
d - 2 poisoned darts (gained 1)
You see here a poisoned dart.
d - 3 poisoned darts (gained 1)
The orc hits you with a +0 mace.
You die...

##..########
..)).o...o.#
###.######.#
# #.#
#o####### o.#
#(.<(...#
.###
##.#####.# ..
##.....##.# .
........#o# .
<.....#..#@#
##........#.#
#.#....g..(#
#.###.##.###
...# #.#### #


You could see an orc.

Vanquished Creatures
  4 adders
  2 gnolls (D:3)
  A dart slug (D:1)
  2 orcs (D:3)
  3 bats (D:1)
  5 endoplasms
  2 giant cockroaches
  3 goblins
  4 hobgoblins
  5 jackals (D:1)
  3 quokkas
  6 ball pythons
  4 kobolds (D:1)
  7 rats
51 creatures vanquished.

Notes
Turn   | Place    | Note
-------+----------+-------------------------------------------
     0 | D:1      | styxcanada the Spriggan Brigand began the quest for the
                  | Orb.
     0 | D:1      | Reached XP level 1. HP: 10/10 MP: 2/2
    39 | D:1      | Found a faded altar of an unknown god.
    51 | D:1      | Reached skill level 6 in Stealth
   178 | D:1      | Found Masiuv's Weapon Boutique.
   181 | D:1      | Reached XP level 2. HP: 14/14 MP: 3/3
   339 | D:1      | Reached skill level 7 in Stealth
   491 | D:1      | Reached XP level 3. HP: 5/18 MP: 4/4
  1180 | D:1      | Found a bloodstained altar of Trog.
  1625 | D:2      | Reached XP level 4. HP: 23/23 MP: 5/5
  2145 | D:3      | Slain by an orc

Illustrated notes

Levels and vault maps discovered:
D:1:      sevenhm_arrival_forest_fort_small_6, layout_basic,
          basic_ecumenical_altar, serial_shops, nicolae_shop_stone,
          palyth_stone_intersect, st_stairs_2
D:2:      layout_rooms, solitary_fountain
D:3:      layout_loops_corners, gammafunk_ghost_abyssal_escape,
          minmay_misc_feat_alley, uniq_jessica

Skill      XL: |  1  2  3  4 |
---------------+-------------+-----
Stealth        | 6 7 |  7.5
Dodging        | 2 3 |  3.5
Fighting       | |  1.9
Short Blades   | |  2.9
Throwing       | |  2.0

Action                   |  1- 3 |  4- 6 || total
-------------------------+-------+-------++-------
Melee: Dagger            |   151 |    51 ||   202
Throw: Dart              |     5 |    11 ||    16
 Stab: Sleeping          |    10 |     1 ||    11
Armor: Robe              |    23 |     6 ||    29
Dodge: Dodged            |   131 |    36 ||   167
